 Dungeon Crawl Stone Soup version 0.28.0-43-g3370ac3207 (webtiles) character file.

Game seed: 273006201068064209

51 themarg the Gusty (level 3, 0/19 HPs)
             Began as a Tengu Air Elementalist on Mar 5, 2022.
             Succumbed to an adder's poison
             ... on level 2 of the Dungeon.
             The game lasted 00:06:15 (1486 turns).

themarg the Gusty (Tengu Air Elementalist)          Turns: 1486, Time: 00:06:15

Health: 0/19       AC:  2    Str:  8    XL:     3   Next: 83%
Magic:  0/8        EV: 12    Int: 17    God:
Gold:   48         SH:  0    Dex: 14    Spells: 4/7 levels left

rFire   . . .      SeeInvis .   d - +0 dagger
rCold   . . .      Faith    .   (no shield)
rNeg    . . .      Spirit   .   a - +0 robe
rPois   .          Reflect  .   (helmet restricted)
rElec   .          Harm     .   b - scarf {shadows}
rCorr   .          Rampage  .   (no gloves)
Will    .....                   (boots unavailable)
Stlth   ++........              (no amulet)
HPRegen 0.06/turn               (no ring)
MPRegen 0.11/turn               (no ring)

@: lethally poisoned (0 -> -3), about to teleport
A: beak, talons 3
a: no special abilities


You were on level 2 of the Dungeon.
You visited 1 branch of the dungeon, and saw 2 of its levels.

You collected 48 gold pieces.

Inventory:

Hand Weapons
 d - a +0 dagger (weapon)
Armour
 a - a +0 robe (worn)
 b - a scarf of shadows (worn)
 c - a +0 cloak
Scrolls
 f - a scroll of vulnerability {unknown}


   Skills:
 + Level 2.3 Dodging
 + Level 2.1 Stealth
 + Level 2.8 Spellcasting
 + Level 2.0 Conjurations
 + Level 4.9 Air Magic


You had 4 spell levels left.
You knew the following spells:

 Your Spells              Type           Power      Damage    Failure   Level
a - Shock                 Conj/Air       56%        1d6       4%          1
b - Static Discharge      Conj/Air       14%        N/A       6%          2

Your spell library contained the following spells:

 Spells                   Type           Power      Damage    Failure   Level
 Swiftness                Air            19%        N/A       7%          3
 Airstrike                Air            9%         N/A       22%         4


Dungeon Overview and Level Annotations

Branches:
Dungeon (2/15)

Altars:


Innate Abilities, Weirdness & Mutations

You have a beak for a mouth.
You have claws for feet.


Message History

An adder comes into view.
Casting: Shock (safe; 4% risk of failure)
Confirm with . or Enter, or press ? or * to list all spells.
Aiming: Shock (safe; 4% risk of failure)
Press: ? - help, Shift-Dir - straight line, f - adder
Aim: an adder (wandering, hasn't noticed you, 53% to hit)
The zap hits the adder.
The adder is moderately wounded.
The adder hisses angrily.
You see here a dart slug corpse.
Casting: Shock (safe; 4% risk of failure)
Confirm with . or Enter, or press ? or * to list all spells.
You don't have enough magic to cast this spell.
Casting: Shock (safe; 4% risk of failure)
Confirm with . or Enter, or press ? or * to list all spells.
Aiming: Shock (safe; 4% risk of failure)
Press: ? - help, Shift-Dir - straight line, f/p - adder
Aim: an adder (moderately wounded, 53% to hit)
The zap misses the adder.
The adder closely misses you.
You closely miss the adder. Your kick misses the adder.
Your peck misses the adder.
The adder is moderately wounded.
The adder bites you.
* * * LOW HITPOINT WARNING * * *
You are lethally poisoned!
The adder poisons you!
You aren't carrying any potions.
As you read the scroll labelled QUIKLOYZIA, it crumbles to dust.
You feel strangely unstable.
It was a scroll of teleportation.
* * * LOW HITPOINT WARNING * * *
You feel sick. The adder closely misses you.
* * * LOW HITPOINT WARNING * * *
You feel sick. The adder misses you.
You hit the adder. You claw the adder. Your peck misses the adder.
The adder is severely wounded.
* * * LOW HITPOINT WARNING * * *
You feel sick. The adder closely misses you.
You closely miss the adder.
The adder is severely wounded.
You die...

................#
................#
#####....<.....#
#######.##########
..........#
..........# .
..........# . [#
..........# .. .#
.......@..### ...
.#
#.....#.S...#....
.#
#.#####+#...†....
.# ..)......##....
........#.# ...
......S..#.# ..
.........#.# .
.........+†#
........†###


You could see an adder.

Vanquished Creatures
  An adder (D:2)
  3 dart slugs
  5 ball pythons
  4 endoplasms
  2 giant cockroaches (D:1)
  5 hobgoblins
  A quokka (D:1)
  A bat (D:1)
  3 frilled lizards (D:1)
  3 goblins
  2 kobolds (D:1)
  4 rats
  A spectral goblin (D:2)
35 creatures vanquished.

Vanquished Creatures (others)
  A plant (D:1)
1 creature vanquished.

Grand Total: 36 creatures vanquished

Notes
Turn   | Place    | Note
-------+----------+-------------------------------------------
     0 | D:1      | themarg the Tengu Air Elementalist began the quest for the
                  | Orb.
     0 | D:1      | Reached XP level 1. HP: 10/10 MP: 4/4
   199 | D:1      | Reached XP level 2. HP: 15/15 MP: 0/6
   259 | D:1      | Learned a level 2 spell: Static Discharge
   727 | D:1      | You fall into a shaft and drop 1 floor!
   922 | D:1      | Reached XP level 3. HP: 19/19 MP: 5/7
  1486 | D:2      | Succumbed to an adder's poison

Illustrated notes

Levels and vault maps discovered:
D:1:      sevenhm_arrival_forest_fort_large_4, layout_rooms, patterned_corridor
D:2:      layout_basic, dreamdust_ecumenical_altar_drowned_temple

Skill      XL: |  1  2  3 |
---------------+----------+-----
Conjurations   | 2 |  2.0
Dodging        | |  2.3
Stealth        | |  2.1
Spellcasting   | |  2.8
Air Magic      | |  4.9

Action                   || total
-------------------------++-------
Melee: Dagger            ||    19
       Peck              ||     4
       Kick              ||     2
 Cast: Shock             ||    73
       Static Discharge  ||     2
  Use: Scroll            ||     1
Armor: Robe              ||     6
Dodge: Dodged            ||    19
